 Dungeon Crawl Stone Soup version 0.28.0-53-g5a82cb258f (webtiles) character file.

Game seed: 8948730280147433270

74 DocClef the Skirmisher (level 4, 0/42 HPs)
             Began as a Draconian Fighter on June 15, 2022.
             Killed from afar by Sigmund (6 damage)
             ... with a puff of flame
             ... on level 2 of the Dungeon.
             The game lasted 00:01:16 (1226 turns).

DocClef the Skirmisher (Draconian Fighter)          Turns: 1226, Time: 00:01:17

Health: 0/42       AC:  5    Str: 21    XL:     4   Next: 9%
Magic:  4/4        EV: 11    Int:  8    God:
Gold:   54         SH:  4    Dex: 10    Spells: 3/3 levels left

rFire   . . .      SeeInvis .   a - +0 war axe
rCold   . . .      Faith    .   b - +0 buckler
rNeg    . . .      Spirit   .   (armour unavailable)
rPois   .          Reflect  .   (helmet restricted)
rElec   .          Harm     .   (no cloak)
rCorr   .          Rampage  .   (no gloves)
Will    .....                   (no boots)
Stlth   +.........              (no amulet)
HPRegen 0.14/turn               (no ring)
MPRegen 0.09/turn               (no ring)

@: mighty
A: AC +5, unfitting armour, cold-blooded
a: no special abilities


You were on level 2 of the Dungeon.
You visited 1 branch of the dungeon, and saw 2 of its levels.

You collected 54 gold pieces.

Inventory:

Hand Weapons
 a - a +0 war axe (weapon)
Armour
 b - a +0 buckler (worn)
Jewellery
 f - a ring of fire
Scrolls
 d - a scroll of magic mapping {unknown}
 g - a scroll of teleportation {unknown}
 h - a scroll of identify {unknown}
 i - a scroll of silence {unknown}
Potions
 e - a potion of flight {unknown}


   Skills:
 + Level 5.5 Fighting
 - Level 2.0 Axes
 - Level 2.6 Dodging
 - Level 3.0 Shields


You had 3 spell levels left.
You didn't know any spells.
Your spell library contained the following spells:

 Spells                   Type           Power      Damage    Failure   Level
 Dazzling Flash           Conj/Hex       0%         N/A       86%         3
 Iskenderun's Mystic Bla  Conj/Tloc      0%         2d3       99%         4
 Starburst                Conj/Fire      0%         6d3       100%        6


Dungeon Overview and Level Annotations

Branches:
Dungeon (2/15)

Altars:

Annotations:
D:2 Sigmund


Innate Abilities, Weirdness & Mutations

Your plain brown scales are hard. (AC +5)
You cannot fit into any form of body armour.
You are cold-blooded and may be slowed by cold attacks.


Message History

Sigmund is nearby!
Sigmund is nearby!
Sigmund is nearby!
Sigmund casts a spell at you. The puff of flame hits you!
You block Sigmund's attack.
Natasha, Servant of Life and Death comes into view.
You hit Sigmund.
Sigmund is lightly wounded.
Natasha hisses angrily.
Sigmund hits you but does no damage.
You hit Sigmund.
Your tail-slap misses Sigmund.
Sigmund is moderately wounded.
Sigmund hits you with a +0 scythe. Natasha casts a spell at you.
You resist with significant effort.
You slash Sigmund!
Your tail-slap misses Sigmund.
Sigmund is heavily wounded.
Sigmund closely misses you.
You feel very mighty all of a sudden.
Sigmund casts a spell.
Sigmund flickers and vanishes!
Deactivating autopickup; reactivate with Ctrl-A.
You miss something. You barely miss Natasha. Something completely misses you.
Natasha claws you.
Unknown command.
You slash Natasha!
You kill Natasha!
Natasha screams in pain as she dies!
You closely miss something. Something hits you!
You have reached level 4!
You feel stronger.
You slash something! Something hits you but does no damage.
You barely miss something. Something hits you!
* * * LOW HITPOINT WARNING * * *
You closely miss something.
You hear some strange, mumbled words.
A puff of flame appears from out of thin air!
The puff of flame hits you.
You die...

.. #. .... #. #.##.# #...
.....#.## #... #.#..#..
#... #....#.#### #...
#......... ...
#....{.##### #.
#..#@....... #####.
#.###.#....###. #....)
#..........# #.....
#####..##..# #.....
.#####...#..# #.....
............### ####...†.
...........##.# .......).
........#..##.#########.#
.########..#.............


There were no monsters in sight!

Vanquished Creatures
  Natasha (D:2)
  A worm (D:2)
  A dart slug (D:2)
  4 bats (D:1)
  8 endoplasms (D:1)
  A giant cockroach (D:1)
  2 goblins (D:1)
  6 hobgoblins
  A jackal (D:1)
  A quokka (D:1)
  2 ball pythons
  4 frilled lizards (D:1)
  6 kobolds
  4 rats (D:1)
42 creatures vanquished.

Vanquished Creatures (others)
  A fungus (D:1)
  A plant (D:1)
2 creatures vanquished.

Grand Total: 44 creatures vanquished

Notes
Turn   | Place    | Note
-------+----------+-------------------------------------------
     0 | D:1      | DocClef the Draconian Fighter began the quest for the Orb.
     0 | D:1      | Reached XP level 1. HP: 19/19 MP: 1/1
   131 | D:1      | Reached XP level 2. HP: 24/27 MP: 2/2
   138 | D:1      | Reached skill level 4 in Fighting
   341 | D:1      | Reached XP level 3. HP: 31/34 MP: 3/3
   852 | D:1      | Found a faded altar of an unknown god.
   901 | D:2      | Reached skill level 5 in Fighting
  1213 | D:2      | Noticed Sigmund
  1217 | D:2      | Noticed Natasha
  1223 | D:2      | Killed Natasha
  1224 | D:2      | Reached XP level 4. HP: 15/42 MP: 4/4
  1226 | D:2      | Killed from afar by Sigmund

Illustrated notes

Levels and vault maps discovered:
D:1:      psy_arrival_conway, layout_loops_ring,
          shapermc_ecumenical_altar_petra, minmay_pentomino_w4
D:2:      layout_basic, minmay_cut_off, uniq_terence, uniq_natasha, uniq_sigmund

Skill      XL: |  1  2  3 |
---------------+----------+-----
Fighting       | 4 5 |  5.5
Axes           | |  2.0
Dodging        | |  2.6
Shields        | |  3.0

Action                   |  1- 3 |  4- 6 || total
-------------------------+-------+-------++-------
Melee: War axe           |    89 |     3 ||    92
       Tailslap          |     8 |       ||     8
  Use: Potion            |     1 |       ||     1
Armor: Skin              |    28 |     1 ||    29
Dodge: Dodged            |    44 |       ||    44
Block: Buckler           |    19 |       ||    19
